 Dungeon Crawl Stone Soup version 0.31-a0-544-gceb718ecc6 (webtiles) character file.

Game seed: 12412118651067868720

672 heikuro the Shield-Bearer (level 7, -7/55 HPs)
             Began as a Formicid Fighter on Aug 15, 2023.
             Was a Follower of Makhleb.
             Mangled by an ogre
             ... wielding a +0 giant club
              (25 damage)
             ... on level 4 of the Dungeon.
             The game lasted 00:06:46 (3217 turns).

heikuro the Shield-Bearer (Formicid Fighter)        Turns: 3217, Time: 00:06:47

Health: -7/55      AC:  9    Str: 22    XL:     7   Next: 90%
Magic:  0/8        EV:  8    Int:  8    God:    Makhleb [*.....]
Gold:   209        SH:  5    Dex: 13    Spells: 6/6 levels left

rFire   . . .        a - +0 war axe
rCold   . . .        c - +0 buckler
rNeg    . . .        l - +0 chain mail
rPois   .            (helmet unavailable)
rElec   .            (no cloak)
rCorr   .            (no gloves)
SInv    +            (no boots)
Will    .....        g - amulet of guardian spirit Stlth
                     (no ring)
HPRegen 0.29/turn    (no ring)
MPRegen 0.11/turn

%: guardian spirit
@: no status effects
A: permanent stasis, dig shafts and tunnels, antennae 3, four strong arms
a: Dig, Shaft Self, Renounce Religion


You were on level 4 of the Dungeon.
You worshipped Makhleb.
Makhleb was aware of your devotion.
You visited 1 branch of the dungeon, and saw 4 of its levels.
You also visited: Sewer.

You collected 209 gold pieces.

Inventory:

Hand Weapons
 a - a +0 war axe (weapon)
 b - a +0 mace of protection
 r - a +0 triple crossbow
Armour
 c - a +0 buckler (worn)
 l - a +0 chain mail (worn)
Jewellery
 g - an amulet of guardian spirit (around neck)
Scrolls
 j - a scroll of fog {unknown}
 k - a scroll of vulnerability {unknown}
 m - a scroll of enchant armour {unknown}
 n - a scroll of immolation {unknown}
 o - 2 scrolls of teleportation {unknown}
 q - a scroll of enchant weapon {unknown}
Potions
 d - a potion of might
 e - 2 potions of resistance
 f - a potion of attraction
 h - 4 potions of curing
 i - a potion of brilliance
 s - a potion of invisibility {unknown}


   Skills:
 + Level 4.9 Fighting
 * Level 5.2 Axes
 + Level 4.9 Armour
 + Level 6.0 Shields
 + Level 2.4 Invocations


You had 6 spell levels left.
You didn't know any spells.
Your spell library contained the following spells:

 Spells                   Type           Power      Damage    Failure   Level
 Tukima's Dance           Hex            0%         N/A       100%        3
 Passage of Golubria      Tloc           0%         N/A       100%        4
 Yara's Violent Unravell  Hex/Tmut       0%         3d3       100%        5


Dungeon Overview and Level Annotations

Branches:
Dungeon (4/15)              Sewer (visited)
 Temple: D:4-7

Altars:
Makhleb
Nemelex Xobeh
The Shining One


Innate Abilities, Weirdness & Mutations

You cannot be hasted, slowed, berserked, paralysed or teleported.
You can dig through walls and to a lower floor.
You have a pair of large antennae on your head. (SInv)
Your four strong arms can wield two-handed weapons with a shield.


Message History

The ogre is moderately wounded.
You hit the ogre.
The ogre is heavily wounded.
The ogre hits you with a +0 giant club!!
You barely miss the ogre.
The ogre is heavily wounded.
The ogre barely misses you.
The endoplasm jiggles.
You barely miss the ogre.
The ogre is heavily wounded.
The ogre hits you with a +0 giant club.
You hit the ogre.
The ogre is severely wounded.
You block the ogre's attack.
You hit the ogre.
The ogre is severely wounded.
You block the ogre's attack.
You closely miss the ogre.
The ogre is severely wounded.
Unknown command.
You barely miss the ogre.
The ogre is severely wounded.
The ogre hits you with a +0 giant club!
Unknown command.
You hit the ogre.
The ogre is severely wounded.
The ogre barely misses you.
Unknown command.
You barely miss the ogre.
The ogre is severely wounded.
The ogre barely misses you.
Unknown command.
You hit the ogre.
The ogre is severely wounded.
The ogre hits you with a +0 giant club.
Unknown command.
You barely miss the ogre.
The ogre is severely wounded.
The ogre hits you with a +0 giant club!!
You die...

#.........#
#########.#
#.# #.# #.#
#####'#####
#.........#
#.8..8..8.#
#....@....#
##+##O##+##
,K#J{ .. #.
..# ,#. ..#
.# #+# #


You could see an ogre, an endoplasm and a kobold.

Vanquished Creatures
  Grinder (D:3)
  A phantom (D:4)
  A bullfrog (Sewer)
  A hound (D:4)
  Terence (D:3)
  Natasha (thrice) (D:2)
  A gnoll (D:1)
  11 adders
  3 dart slugs
  5 orcs
  7 endoplasms
  7 giant cockroaches
  3 goblins
  5 hobgoblins
  6 kobolds
  12 quokkas
  3 ball pythons
  5 bats
  9 frilled lizards
  A rat (D:1)
86 creatures vanquished.

Notes
Turn   | Place    | Note
-------+----------+-------------------------------------------
     0 | D:1      | heikuro the Formicid Fighter began the quest for the Orb.
     0 | D:1      | Reached XP level 1. HP: 18/18 MP: 1/1
   103 | D:1      | Reached XP level 2. HP: 24/24 MP: 2/2
   383 | D:1      | Reached XP level 3. HP: 26/29 MP: 3/3
   778 | D:2      | Reached XP level 4. HP: 33/37 MP: 4/4
   852 | D:2      | Found a faded altar of an unknown god.
  1124 | D:2      | Noticed Natasha
  1134 | D:2      | Killed Natasha
  1135 | D:2      | Reached XP level 5. HP: 27/42 MP: 5/5
  1285 | D:2      | Noticed Natasha
  1292 | D:2      | Killed Natasha
  1330 | D:2      | Noticed Natasha
  1333 | D:2      | Killed Natasha
  1334 | D:2      | Reached skill level 5 in Shields
  1553 | D:3      | Found a burning altar of Makhleb.
  1558 | D:3      | Became a worshipper of Makhleb the Destroyer
  1595 | D:3      | Noticed Grinder
  1623 | D:3      | Killed Grinder
  1624 | D:3      | Reached skill level 1 in Invocations
  1624 | D:3      | Reached XP level 6. HP: 27/49 MP: 5/7
  1624 | D:3      | Reached XP level 7. HP: 31/55 MP: 5/8
  1696 | D:3      | Found a glowing golden altar of the Shining One.
  1747 | D:3      | Found a glowing drain.
  1794 | Sewer    | Entered a sewer
  2190 | D:3      | Reached * piety under Makhleb
  2192 | D:3      | Noticed Terence
  2206 | D:3      | Killed Terence
  2218 | D:3      | Found a sparkling altar of Nemelex Xobeh.
  3118 | D:4      | Reached skill level 5 in Axes
  3200 | D:4      | Reached skill level 6 in Shields
  3217 | D:4      | Mangled by an ogre

Illustrated notes

Levels and vault maps discovered:
D:1:      dpeg_arrival_orchard, layout_loops_cross
D:2:      layout_loops_cross, hellmonk_ecumenical_altar_zigzags, uniq_natasha
D:3:      layout_basic, lightli_temple_of_fire, lemuel_crystal_altar,
          marbit_many_paths, portal_sewer_entry_f, uniq_grinder, uniq_terence
D:4:      minmay_chambers_of_threes, layout_basic, kennysheep_mini_moat,
          ebering_ghost_reflecting_pool

Skill      XL: |  1  2  3  4  5  6  7 |
---------------+----------------------+-----
Axes           | 3 4 5 |  5.2
Armour         | 4 |  4.9
Fighting       | 4 |  4.9
Shields        | 5 6 |  6.0
Invocations    | 1 2 |  2.4

Action                     |  1- 3 |  4- 6 |  7- 9 || total
---------------------------+-------+-------+-------++-------
  Melee: War axe           |    64 |    11 |    50 ||   125
         Mace              |       |    31 |   177 ||   208
    Use: Scroll            |       |     3 |     3 ||     6
         Potion            |       |     1 |       ||     1
 Armour: Scale mail        |    24 |     5 |       ||    29
         Chain mail        |       |    14 |   151 ||   165
  Dodge: Dodged            |    30 |    12 |   103 ||   145
  Block: Buckler           |    16 |     5 |    71 ||    92

Table legend: (Time is in decaauts)
 A = Elapsed time spent in this place.
 B = Non-inter-level travel time spent in this place.
 C = Inter-level travel time spent in this place.
 D = Time resting spent in this place.
 E = Time spent auto-exploring this place.
 F = Levels seen in this place.
 G = Mean time per level.
                   A        B        C        D        E       F      G
               +--------+--------+--------+--------+--------+-----+--------+
         Total |   3377 |   3229 |    148 |    104 |   1969 |   5 |  675.4 |
       Dungeon |   2937 |   2789 |    148 |     49 |   1899 |   4 |  734.2 |
         Sewer |    440 |    440 |      0 |     55 |     69 |   1 |  440.0 |
               +--------+--------+--------+--------+--------+-----+--------+

Top non-repeatable levels by time:
     D:3: 1092 daAuts
     D:1: 791 daAuts
     D:2: 781 daAuts
   Sewer: 440 daAuts
     D:4: 271 daAuts
